Map: Winter Madness LE

Players

imortalus

  • Race: Terran Terran
  • League: Diamond
  • Spawn Location: 11:00

HoldTheDoor - Winner!

  • Race: Protoss Protoss
  • League: Diamond
  • Spawn Location: 5:00

VOD

Have the link to the VOD?

Description

Time

  • Played on: May 5, 2026, 12:52 p.m.
  • Length: 9:54
Show
View Real Time Build Order
Export as new Build Order

imortalus Terran 

Build Orders:  

Get SALT Encoding   

  12  0:01  SCV  
  13  0:13  SCV  
  14  0:17  Supply Depot  
  14  0:25  SCV  
  15  0:38  SCV  
  15  0:40  Barracks  
  16  0:44  Refinery  
  16  0:51  SCV  
  17  1:03  Barracks  
  17  1:04  SCV  
  19  1:27  Orbital Command  
  18  1:34  Reaper  
  19  1:51  Reaper  
  19  1:53  SCV  
  21  1:54  Supply Depot  
  21  1:58  Refinery  
  21  2:05  SCV  
  21  2:07  Reaper  
  23  2:25  Command Center  
  23  2:28  Reaper  
  24  2:46  Barracks Reactor  
  24  2:51  SCV  
  25  2:56  Barracks  
  25  3:03  Barracks Tech Lab  
  24  3:23  Stimpack, Marine  
  24  3:24  Marine x2  
  27  3:30  Engineering Bay  
  26  3:41  Marine  
  26  3:45  Orbital Command  
  26  3:46  Barracks Tech Lab  
  27  3:55  Factory  
  27  3:56  Factory  
  27  3:57  SCV  
  27  3:58  Engineering Bay  
  28  4:08  Marine  
  28  4:09  Marine  
  30  4:10  Marine, Missile Turret  
  30  4:13  SCV  
  32  4:32  Combat Shield  
  32  4:33  Marine x2, Marauder  
  32  4:36  SCV  
  32  4:37  SCV  
  38  4:39  Factory Tech Lab x2  
  38  4:54  SCV x2  
  38  4:57  Starport  
  42  5:00  Widow Mine  
  42  5:02  Widow Mine  
  42  5:06  SCV x2  
  46  5:27  Armory  
  46  5:29  Armory  
  46  5:33  Orbital Command  
  46  5:42  Supply Depot  
  46  5:44  Supply Depot  
  46  6:04  Marine, Medivac, SCV x2, Marauder  
  52  6:06  Marauder  
  52  6:08  Supply Depot  
  55  6:11  Supply Depot  
  55  6:14  Marine  
  55  6:16  SCV x2  
  55  6:17  Drilling Claws  
  58  6:21  Marine  
  58  6:25  Marine  
  53  6:33  Marine, Marauder  
  53  6:38  Bunker  
  53  6:39  Marine  
  57  6:43  Marauder  
  57  6:45  Siege Tank  
  62  6:49  Starport Reactor  
  62  7:03  SCV x2  
  62  7:08  Supply Depot  
  64  7:12  Missile Turret  
  64  7:13  Siege Tank  
  64  7:15  SCV x2  
  69  7:17  Terran Vehicle Weapons Level 1  
  69  7:22  Refinery x2  
  69  7:27  SCV x2  
  69  7:28  Medivac  
  73  7:39  Marauder x2, Marine, SCV x2  
  73  7:40  Marine  
  81  7:51  SCV x2  
  81  7:56  Marine  
  81  7:57  Marine  
  85  8:00  Marauder x2  
  85  8:03  SCV  
  90  8:06  Barracks  
  90  8:14  Marine  
  68  8:51  Marine, Marauder x2  
  68  8:52  Marine  
  68  8:53  Siege Tank x2  
  73  8:56  Viking x2  
  77  9:09  Marine x2  
  76  9:12  Marine  
  76  9:13  Marauder  
  64  9:27  Marine x2  
  64  9:30  Marine  
  45  9:34  Marine  
Show
View Real Time Build Order
Export as new Build Order

HoldTheDoor Protoss - Winner!

Build Orders: 1 Gate Expand 

Get SALT Encoding   

  12  0:00  Probe  
  13  0:12  Probe  
  14  0:18  Pylon  
  14  0:24  Probe  
  15  0:32  Probe  
  15  0:39  Gateway  
  15  0:40  Probe  
  16  0:48  Assimilator  
  17  0:50  Probe  
  18  1:01  Pylon  
  18  1:03  Probe  
  19  1:15  Probe  
  20  1:29  Cybernetics Core  
  20  1:38  Probe  
  21  1:41  Nexus  
  21  1:44  Pylon  
  21  1:50  Probe  
  21  1:53  Assimilator  
  22  1:56  Adept  
  22  2:02  Probe  
  25  2:08  Warp Gate  
  25  2:14  Probe  
  26  2:26  Adept, Probe  
  29  2:32  Shield Battery  
  29  2:38  Probe  
  29  2:45  Shield Battery  
  29  2:50  Probe  
  30  2:54  Gateway  
  30  3:01  Pylon  
  30  3:02  Probe  
  30  3:03  Probe  
  32  3:09  Sentry  
  34  3:14  Probe  
  34  3:15  Probe  
  36  3:28  Gateway  
  36  3:30  Pylon  
  36  3:36  Shield Battery  
  36  3:49  Probe  
  37  3:56  Robotics Facility  
  37  3:57  Probe  
  37  3:59  Adept x2  
  42  4:08  Probe  
  43  4:10  Assimilator  
  43  4:11  Probe  
  44  4:20  Gateway, Probe  
  44  4:22  Pylon  
  45  4:25  Pylon  
  45  4:34  Stalker x3  
  51  4:40  Pylon  
  51  4:42  Probe, Pylon  
  52  4:47  Probe  
  53  4:56  Immortal  
  53  4:59  Stargate  
  57  5:04  Twilight Council  
  57  5:07  Probe  
  58  5:09  Zealot  
  58  5:11  Sentry  
  62  5:14  Probe  
  62  5:19  Zealot x2  
  67  5:24  Probe  
  67  5:26  Probe  
  69  5:35  Observer  
  70  5:36  Probe  
  71  5:44  Probe  
  71  5:47  Phoenix  
  71  5:48  Probe  
  75  5:56  Probe  
  76  5:58  Observer  
  76  6:03  Pylon  
  77  6:06  Forge  
  77  6:11  Stalker x2  
  77  6:12  Stalker x2, Phoenix  
  87  6:22  Pylon  
  85  6:36  Immortal  
  85  6:39  Charge  
  89  6:42  Robotics Bay  
  89  6:46  Probe  
  90  6:48  Assimilator  
  90  6:50  Pylon  
  90  6:54  Protoss Ground Weapons Level 1  
  90  7:00  Gateway  
  90  7:01  Gateway  
  90  7:05  Gateway  
  90  7:07  Gateway  
  90  7:09  Gateway x2  
  90  7:10  Pylon  
  90  7:12  Probe  
  90  7:14  Pylon  
  91  7:17  Probe  
  92  7:29  Colossus  
  98  7:41  Nexus  
  98  7:45  Pylon  
  98  7:49  Probe  
  99  7:55  Pylon  
  99  7:58  Probe, Templar Archives  
  100  8:04  Zealot x2  
  100  8:05  Zealot  
  106  8:38  Zealot x6  
  106  8:39  Zealot x4  
  102  8:54  Colossus  
  108  8:59  Phoenix  
  110  9:08  Stalker x3  
  92  9:43  Zealot  
  92  9:44  Zealot x9  
Tags
 
Add a new tag
Caveats
  • Supply blocks, unpowered buildings, or Contaminate may cause inaccurate times.
  • Supply counts are checked every 10 seconds.